 Dungeon Crawl Stone Soup version 0.30.0-5-g1a98f26d00 (webtiles) character file.

Game seed: 6237994358846609054

3486 retardedninja the Magician (level 10, -3/73 (74) HPs)
             Began as a Gnoll Fire Elementalist on May 11, 2023.
             Was a Follower of Cheibriados.
             Succumbed to their own poison gas
             ... on level 8 of the Dungeon.
             The game lasted 00:13:21 (10896 turns).

retardedninja the Magician (GnFE)                  Turns: 10896, Time: 00:13:22

HP:   -3/73 (74)    AC:  6    Str: 10    XL:     10   Next: 7%
MP:   6/20          EV: 15    Int: 21    God:    Cheibriados [*.....]
Gold: 507           SH:  0    Dex: 14    Spells: 13/23 levels left

rFire   . . .        P - +0 scythe
rCold   . . .        (shield currently unavailable)
rNeg    . . .        a - +0 robe
rPois   .            (no helmet)
rElec   .            (no cloak)
rCorr   .            c - +0 pair of gloves
SInv    .            z - +2 pair of boots {Stlth+}
Will    .....        (no amulet)
Stlth   ++++         q - ring of wizardry
HPRegen 0.32/turn    B - ring of wizardry
MPRegen 0.17/turn

%: wizardry (x2)
@: lethally poisoned (-3 -> -38), lightly drained, very slow
A: fangs 1, strong nose, distributed training
a: Renounce Religion, Bend Time


You were on level 8 of the Dungeon.
You worshipped Cheibriados.
Cheibriados was aware of your devotion.
You visited 2 branches of the dungeon, and saw 10 of its levels.

You collected 507 gold pieces.

Inventory:

Hand Weapons
 P - a +0 scythe (weapon)
Missiles
 t - a throwing net
Armour
 a - a +0 robe (worn)
 c - a +0 pair of gloves (worn)
 z - a +2 pair of boots of stealth (worn)
 D - the +7 Kryia's mail coat {PotionHeal*2 rC+}
   (You found it on level 5 of the Dungeon)

   PotionHeal*2: Potions heal its wearer twice as much.
   rC:        It protects you from cold.
Jewellery
 q - a ring of wizardry (left hand)
 B - a ring of wizardry (right hand)
 F - a ring of flight
 J - a +4 ring of protection
 M - an amulet of faith
Wands
 E - a wand of paralysis (8)
 G - a wand of iceblast (8)
Scrolls
 d - 3 scrolls of immolation {unknown}
 f - 10 scrolls of teleportation {unknown}
 j - a scroll of noise {unknown}
 k - 3 scrolls of poison
 m - a scroll of enchant weapon {unknown}
 s - 2 scrolls of vulnerability {unknown}
 v - 3 scrolls of identify {unknown}
 w - 3 scrolls of blinking {unknown}
 y - a scroll of enchant armour {unknown}
 A - a scroll of torment {unknown}
 I - a scroll of fog {unknown}
 K - 2 scrolls of fear {unknown}
 N - a scroll of silence {unknown}
Potions
 b - 3 potions of resistance {unknown}
 e - 2 potions of flight {unknown}
 g - 2 potions of ambrosia {unknown}
 h - 2 potions of brilliance {unknown}
 i - a potion of lignification {unknown}
 n - 3 potions of curing
 o - 2 potions of might {unknown}
 p - 3 potions of mutation {unknown}
 r - 3 potions of attraction {unknown}
 u - a potion of degeneration {unknown}
 x - a potion of heal wounds {unknown}
 H - 2 potions of invisibility {unknown}
 L - a potion of berserk rage {unknown}
 O - 2 potions of magic


   Skills:
 + Level 5.1 Fighting
 + Level 5.1 Short Blades
 + Level 5.1 Long Blades
 + Level 5.1 Axes
 + Level 5.1 Maces & Flails
 + Level 5.1 Polearms
 + Level 5.1 Staves
 + Level 5.1 Ranged Weapons
 + Level 5.1 Throwing
 + Level 5.1 Armour
 + Level 6.9 Dodging
 + Level 6.6 Stealth
 + Level 5.1 Shields
 + Level 5.1 Unarmed Combat
 + Level 7.2 Spellcasting
 + Level 4.7 Conjurations
 + Level 4.2 Hexes
 + Level 4.2 Summonings
 + Level 4.2 Necromancy
 + Level 4.2 Translocations
 + Level 4.2 Transmutations
 + Level 7.0 Fire Magic
 + Level 4.2 Ice Magic
 + Level 4.2 Air Magic
 + Level 4.2 Earth Magic
 + Level 4.2 Poison Magic
 + Level 5.6 Invocations
 + Level 5.1 Evocations


You had 13 spell levels left.
You knew the following spells:

 Your Spells              Type           Power      Damage    Failure   Level
a - Foxfire               Conj/Fire      100%       2x1d9     1%          1
b - Scorch                Fire           74%        2d8       1%          2
c - Flame Wave            Conj/Fire      32%        2d9       2%          4
d - Inner Flame           Hex/Fire       31%        N/A       1%          3

Your spell library contained the following spells:

 Spells                   Type           Power      Damage    Failure   Level
 Apportation              Tloc           50%        N/A       1%          1
 Necrotise                Necr           100%       1d9       1%          1
 Sandblast                Erth           50%        2d12      1%          1
 Shock                    Conj/Air       100%       1d9       1%          1
 Slow                     Hex            100%       N/A       1%          1
 Summon Small Mammal      Summ           100%       N/A       1%          1
 Blink                    Tloc           50%        N/A       1%          2
 Cigotuvi's Dreadful Rot  Necr/Pois/Air  50%        N/A       1%          2
 Ensorcelled Hibernation  Hex/Ice        50%        N/A       1%          2
 Passwall                 Tmut/Erth      20%        N/A       1%          2
 Sublimation of Blood     Necr           25%        N/A       1%          2
 Wereblood                Tmut           25%        N/A       1%          2
 Stone Arrow              Conj/Erth      52%        3d10      1%          3
 Swiftness                Air            25%        N/A       1%          3
 Volatile Blastmotes      Fire/Tloc      62%        2d15      1%          3
 Airstrike                Air            12%        2d(2-18)  4%          4
 Manifold Assault         Tloc           25%        N/A       4%          4
 Petrify                  Tmut/Erth      25%        N/A       4%          4
 Irradiate                Conj/Tmut      13%        3d16      11%         5
 Simulacrum               Ice/Necr       12%        N/A       50%         6
 Ozocubu's Refrigeration  Ice            12%        4d10      95%         7
 Storm Form               Tmut/Air       12%        N/A       95%         7
 Summon Hydra             Summ           12%        N/A       95%         7


Dungeon Overview and Level Annotations

Branches:
Dungeon (9/15)             Temple (1/1) D:6
   Lair: D:8-11         Orc: D:9-12

Altars:
Ashenzari
Cheibriados
Elyvilon
Fedhas
Gozag
Hepliaklqana
Kikubaaqudgha
Makhleb
Nemelex Xobeh
Okawaru
Qazlal
Ru
Sif Muna
Trog
Uskayaw
Vehumet
Xom
Zin
The Shining One

Shops:
D:4 *

Annotations:
D:5 1 runed translucent door
D:7 1 runed translucent door, Crazy Yiuf


Innate Abilities, Weirdness & Mutations

You have very sharp teeth.
Your uncanny sense of smell can sniff out nearby items.
Your experience applies equally to all skills.


Message History

You feel better.
The gnoll is no longer more vulnerable to fire.
The killer bee barely misses you.
The gnoll sergeant hits you from afar with a +2 spear of distortion!
* * * LOW HITPOINT WARNING * * *
Space warps around you.
* * * LOW HITPOINT WARNING * * *
The killer bee closely misses you.
You feel better.
The killer bee stings you but does no damage.
The gnoll sergeant closely misses you. The killer bee closely misses you.
Casting: Scorch (safe; 1% risk of failure)
Confirm with . or Enter, or press ? or * to list all spells.
Flames lash the gnoll.
The gnoll is severely wounded.
The gnoll's fire resistance burns away.
The gnoll sergeant is no longer more vulnerable to fire.
The killer bee stings you.
* * * LOW HITPOINT WARNING * * *
You are poisoned.
The killer bee poisons you!
The gnoll sergeant hits you from afar with a +2 spear of distortion!
* * * LOW HITPOINT WARNING * * *
You blink.
You feel better.
You are engulfed in poison gas.
You are lethally poisoned!
* * * LOW HITPOINT WARNING * * *
You feel very sick.
You are engulfed in poison gas.
You are more poisoned.
* * * LOW HITPOINT WARNING * * *
You feel extremely sick.
You feel better.
You are engulfed in poison gas.
You are lethally poisoned!
* * * LOW HITPOINT WARNING * * *
x2 You feel very sick.
Found 12 gold pieces.
You are engulfed in poison gas.
You are more poisoned.
* * * LOW HITPOINT WARNING * * *
You die...

#.# ..#
#.# #.#
#.#
#######.#
#.y$..§.#
#@# #§#
#§# #☼#
#y# #§#
###y#
#g.§.#
#...)g§§§


You could see 3 killer bees.

Vanquished Creatures
  Joseph (D:7)
  Prince Ribbit (D:6)
  Sigmund (D:2)
  A wyvern (D:6)
  A yak (D:8)
  Eustachio (D:5)
  A water moccasin (D:8)
  An ice beast (D:5)
  3 black bears
  A sky beast (D:6)
  2 ogres
  A bullfrog (D:7)
  A gnoll sergeant (D:7)
  6 scorpions
  4 wights
  7 killer bees
  A howler monkey (D:6)
  4 hounds
  A quasit (D:6)
  A jelly (D:6)
  An orc priest (D:4)
  A sleepcap (D:7)
  4 orc wizards
  An iguana (D:4)
  5 adders
  10 gnolls
  A white imp (D:7)
  An ufetubus (D:5)
  16 orcs
  7 bats
  4 endoplasms
  5 giant cockroaches (D:5)
  9 goblins
  4 hobgoblins
  3 jackals (D:2)
  8 kobolds
  2 quokkas
  3 ball pythons
  3 frilled lizards
  A goblin zombie (D:6)
  4 hobgoblin zombies (D:6)
  A kobold skeleton (D:6)
  2 kobold zombies (D:6)
  2 orc skeletons (D:6)
  An orc zombie (D:6)
  3 rats
142 creatures vanquished.

Vanquished Creatures (others)
  465 foxfires
465 creatures vanquished.

Grand Total: 607 creatures vanquished

Notes
Turn   | Place    | Note
-------+----------+-------------------------------------------
     0 | D:1      | retardedninja the Gnoll Fire Elementalist began the quest
                  | for the Orb.
     0 | D:1      | Reached XP level 1. HP: 13/13 MP: 6/6
   162 | D:1      | Reached XP level 2. HP: 19/19 MP: 3/7
  1130 | D:2      | Reached skill level 5 in Spellcasting
  1130 | D:2      | Reached XP level 3. HP: 18/25 MP: 2/9
  1133 | D:2      | Learned a level 2 spell: Scorch
  1231 | D:2      | Found a faded altar of an unknown god.
  1287 | D:2      | Reached skill level 1 in Invocations
  1635 | D:2      | Reached skill level 1 in Fighting
  1635 | D:2      | Reached skill level 1 in Short Blades
  1635 | D:2      | Reached skill level 1 in Long Blades
  1635 | D:2      | Reached skill level 1 in Axes
  1635 | D:2      | Reached skill level 1 in Maces & Flails
  1635 | D:2      | Reached skill level 1 in Polearms
  1635 | D:2      | Reached skill level 1 in Staves
  1635 | D:2      | Reached skill level 1 in Ranged Weapons
  1635 | D:2      | Reached skill level 1 in Throwing
  1635 | D:2      | Reached skill level 1 in Armour
  1635 | D:2      | Reached skill level 1 in Shields
  1635 | D:2      | Reached skill level 1 in Unarmed Combat
  1635 | D:2      | Reached skill level 1 in Evocations
  1831 | D:2      | Noticed Sigmund
  1850 | D:2      | Killed Sigmund
  1851 | D:2      | Reached skill level 1 in Hexes
  1851 | D:2      | Reached skill level 1 in Summonings
  1851 | D:2      | Reached skill level 1 in Necromancy
  1851 | D:2      | Reached skill level 1 in Translocations
  1851 | D:2      | Reached skill level 1 in Transmutations
  1851 | D:2      | Reached skill level 1 in Ice Magic
  1851 | D:2      | Reached skill level 1 in Air Magic
  1851 | D:2      | Reached skill level 1 in Earth Magic
  1851 | D:2      | Reached skill level 1 in Poison Magic
  1851 | D:2      | Reached XP level 4. HP: 12/33 MP: 8/11
  1851 | D:2      | Reached XP level 5. HP: 14/38 MP: 8/12
  2677 | D:2      | Reached XP level 6. HP: 10/44 MP: 10/14
  2976 | D:3      | Found a bloodstained altar of Trog.
  3277 | D:3      | Found a stormy altar of Qazlal.
  3723 | D:4      | Reached skill level 5 in Dodging
  4066 | D:4      | Found Tixkomef's Assorted Antiques.
  4323 | D:4      | Got the Enchiridion on the Hyperborean Coward
  4394 | D:4      | Reached XP level 7. HP: 33/50 MP: 8/15
  4635 | D:5      | Entered Level 5 of the Dungeon
  4972 | D:5      | Got Upaofix's Catalogue of the Beguiling Grave
  5001 | D:5      | Noticed Eustachio
  5014 | D:5      | Killed Eustachio
  5015 | D:5      | Reached skill level 5 in Stealth
  5297 | D:5      | Found a runed translucent door.
  5300 | D:5      | Found the +7 Kryia's mail coat {PotionHeal*2 rC+}
  5375 | D:5      | Found a sacrificial altar of Ru.
  5413 | D:5      | Found a runed translucent door.
  5729 | D:4      | Reached XP level 8. HP: 13/58 MP: 1/16
  6437 | D:5      | Learned a level 4 spell: Flame Wave
  6441 | D:5      | Learned a level 3 spell: Inner Flame
  6660 | D:6      | Noticed Prince Ribbit
  6673 | D:6      | Killed Prince Ribbit
  6708 | D:6      | Found a glowing golden altar of the Shining One.
  6809 | D:6      | You fall into a shaft and drop 3 floors!
  6823 | D:9      | Noticed a yak
  6834 | D:9      | Noticed a yak
  6835 | D:9      | Noticed a yak
  6835 | D:9      | Noticed a yak
  6844 | D:9      | Noticed a troll
  6853 | D:8      | Killed a yak
  7025 | D:7      | Reached XP level 9. HP: 65/65 MP: 15/18
  7760 | D:6      | Found an iron altar of Okawaru.
  7934 | D:6      | Found a staircase to the Ecumenical Temple.
  8046 | Temple   | Entered the Ecumenical Temple
  8053 | Temple   | Became a worshipper of Cheibriados the Contemplative
  8092 | D:6      | Found a shimmering altar of Xom.
  8098 | D:6      | Found a shimmering altar of Xom.
  8098 | D:6      | Found a shimmering altar of Xom.
  8100 | D:6      | Found a shimmering altar of Xom.
  8100 | D:6      | Found a shimmering altar of Xom.
  8100 | D:6      | Found a shimmering altar of Xom.
  8101 | D:6      | Found a shimmering altar of Xom.
  8356 | D:7      | Found a glowing silver altar of Zin.
  8418 | D:7      | Found a shimmering blue altar of Sif Muna.
  8869 | D:7      | Found a blossoming altar of Fedhas.
  8869 | D:7      | Noticed Joseph
  8881 | D:7      | Killed Joseph
  8882 | D:7      | Reached skill level 5 in Invocations
  9200 | D:7      | Found a runed translucent door.
  9201 | D:7      | Noticed Crazy Yiuf
 10434 | D:8      | Reached * piety under Cheibriados
 10462 | D:8      | Reached skill level 5 in Fighting
 10462 | D:8      | Reached skill level 5 in Short Blades
 10462 | D:8      | Reached skill level 5 in Long Blades
 10462 | D:8      | Reached skill level 5 in Axes
 10462 | D:8      | Reached skill level 5 in Maces & Flails
 10462 | D:8      | Reached skill level 5 in Polearms
 10462 | D:8      | Reached skill level 5 in Staves
 10462 | D:8      | Reached skill level 5 in Ranged Weapons
 10462 | D:8      | Reached skill level 5 in Throwing
 10462 | D:8      | Reached skill level 5 in Armour
 10462 | D:8      | Reached skill level 5 in Shields
 10462 | D:8      | Reached skill level 5 in Unarmed Combat
 10462 | D:8      | Reached skill level 5 in Evocations
 10462 | D:8      | Reached XP level 10. HP: 55/74 MP: 4/20
 10890 | D:8      | HP: 2/73 [gnoll sergeant/+2 spear of distortion (5)]
 10896 | D:8      | Succumbed to their own poison gas

Illustrated notes

Levels and vault maps discovered:
D:1:      spicycebolla_green_bress_n_ham_2, layout_basic,
          minmay_strange_pillars, chequers_serial_rivers_micro_a
D:2:      layout_loops_ring, shapermc_ecumenical_altar_pompeii, uniq_sigmund
D:3:      layout_loops_ring, bloody_trog, nicolae_qazlal_eye_of_the_storm,
          kennysheep_generic_room_8
D:4:      layout_loops_ring, serial_shops, shop
D:5:      lemuel_insect_pit, layout_basic, marbit_many_paths, uniq_eustachio
D:6:      layout_rooms, nicolae_tso_besieged_by_evil,
          mainiacjoe_overflow_surrounded_room, xom_redecorated,
          minmay_temple_entry_statues_fountains, uniq_prince_ribbit1
D:7:      layout_basic, mainiacjoe_overflow_alcove_1,
          mainiacjoe_overflow_alcove_4, lemuel_doored_altar, enter_bailey_3,
          uniq_joseph, uniq_crazy_yiuf_cottage
D:8:      layout_loops_ring, lemuel_zombie_altar_yredelemnul, kennysheep_diamond
D:9:      layout_cross, erik_lair_island
Temple:   hellmonk_temple_micro_hex

Skill      XL: |  1  2  3  4  5  6  7  8  9 10 |
---------------+-------------------------------+-----
Conjurations   | 2 3 4 |  4.7
Spellcasting   | 5 6 7 |  7.2
Invocations    | 2 3 4 5 |  5.6
Fighting       | 1 2 3 5 |  5.1
Short Blades   | 1 2 3 5 |  5.1
Long Blades    | 1 2 3 5 |  5.1
Axes           | 1 2 3 5 |  5.1
Maces & Flails | 1 2 3 5 |  5.1
Polearms       | 1 2 3 5 |  5.1
Staves         | 1 2 3 5 |  5.1
Ranged Weapons | 1 2 3 5 |  5.1
Throwing       | 1 2 3 5 |  5.1
Armour         | 1 2 3 5 |  5.1
Shields        | 1 2 3 5 |  5.1
Unarmed Combat | 1 2 3 5 |  5.1
Evocations     | 1 2 3 5 |  5.1
Hexes          | 1 2 3 4 |  4.2
Summonings     | 1 2 3 4 |  4.2
Necromancy     | 1 2 3 4 |  4.2
Translocations | 1 2 3 4 |  4.2
Transmutations | 1 2 3 4 |  4.2
Ice Magic      | 1 2 3 4 |  4.2
Air Magic      | 1 2 3 4 |  4.2
Earth Magic    | 1 2 3 4 |  4.2
Poison Magic   | 1 2 3 4 |  4.2
Dodging        | 5 6 |  6.9
Stealth        | 5 6 |  6.6
Fire Magic     | 6 7 |  7.0

Action                     |  1- 3 |  4- 6 |  7- 9 | 10-12 || total
---------------------------+-------+-------+-------+-------++-------
  Melee: Unarmed           |       |    12 |       |       ||    12
         Bite              |       |     2 |     3 |       ||     5
         Flail             |       |     1 |     2 |       ||     3
         War axe           |       |       |    27 |       ||    27
         Punch             |       |       |     1 |       ||     1
         Halberd           |       |       |       |     3 ||     3
   Cast: Foxfire           |    94 |    55 |   136 |    13 ||   298
         Scorch            |     4 |    11 |    80 |    13 ||   108
         Flame Wave        |       |       |     3 |       ||     3
    Use: Potion            |     1 |       |       |     5 ||     6
         Scroll            |       |       |       |     1 ||     1
 Armour: Robe              |     7 |     4 |    69 |     6 ||    86
         Scale mail        |       |       |     4 |       ||     4
  Dodge: Dodged            |    14 |    16 |   169 |    20 ||   219
